 Dungeon Crawl Stone Soup version 0.25-a0-474-ga8a2ee3166 (webtiles) character file.

Game seed: 2563217822707037861, levelgen mode: deterministic

241 funkygono the Conjurer (level 6, -3/38 HPs)
             Began as an Octopode Conjurer on Feb 6, 2020.
             Slain by an orc warrior
             ... wielding a +5 long sword
              (26 damage)
             ... on level 4 of the Dungeon.
             The game lasted 00:07:45 (2940 turns).

funkygono the Conjurer (Octopode Conjurer)          Turns: 2940, Time: 00:07:48

Health: -3/38      AC:  1    Str:  8    XL:     6   Next: 8%
Magic:  0/10       EV: 14    Int: 18    God:
Gold:   157        SH:  0    Dex: 13    Spells: 8/11 levels left

rFire    . . .     SeeInvis .   o - +2 mace (vorpal)
rCold    + . .     Gourm    .   (no shield)
rNeg     . . .     Faith    .   (helmet restricted)
rPois    .         Spirit   .   (no amulet)
rElec    .         Reflect  .   c - ring of protection from cold
rCorr    .         Harm     .   (no ring)
MR       .....                  (no ring)
Stlth    +++.......             (no ring)
HPRegen  0.12/turn              (no ring)
MPRegen  0.12/turn              (no ring)
                                (no ring)
                                (no ring)

@: no status effects
A: almost no armour, stealthy swim, amphibious, 8 rings, constrict 8, camouflage
1, gelatinous body 1
a: no special abilities


You were on level 4 of the Dungeon.
You were very hungry.

You visited 1 branch of the dungeon, and saw 4 of its levels.

You collected 157 gold pieces.

Inventory:

Hand Weapons
 o - a +2 vorpal mace (weapon)
Missiles
 a - 141 stones (quivered)
Jewellery
 c - a ring of protection from cold (left tentacle)
 k - an uncursed ring of wizardry
Scrolls
 e - 2 scrolls of remove curse
 g - 2 scrolls of identify
 j - a scroll of immolation
Potions
 d - 3 potions of curing
 f - 2 potions of haste
 h - a potion of might
 i - 2 potions of brilliance
 m - a potion of invisibility
Comestibles
 b - 9 rations


   Skills:
 + Level 1.1 Fighting
 + Level 1.5 Maces & Flails
 + Level 2.4 Dodging
 + Level 3.2 Stealth
 + Level 3.0 Spellcasting
 + Level 5.8 Conjurations


You had 8 spell levels left.
You knew the following spells:

 Your Spells              Type           Power        Failure   Level  Hunger
a - Magic Dart            Conj           ###.         1%          1    None
b - Searing Ray           Conj           ###...       2%          2    ##.....

Your spell library contained the following spells:

 Spells                   Type           Power        Failure   Level  Hunger
 Dazzling Flash           Conj/Hex       ##....       14%         3    ###....
 Fulminant Prism          Conj/Hex       ##........   43%         4    ####...
 Iskenderun's Mystic Bla  Conj/Tloc      ##......     43%         4    ####...


Dungeon Overview and Level Annotations

Branches:
Dungeon (4/15)
 Temple: D:4-7

Altars:
Cheibriados
Okawaru
Vehumet
Beogh

Annotations:
D:4 Wiebster667's ghost, amateur GnMo


Innate Abilities, Weirdness & Mutations

You cannot wear most types of armour.
You are very stealthy in the water. (Stealth+)
You are amphibious.
You can wear up to eight rings at the same time.
You can use your tentacles to constrict eight enemies at once.
Your skin changes colour to match your surroundings (Stealth+).
Your rubbery body absorbs attacks. (AC +1, EV +1)


Message History

Wiebster667's ghost is lightly damaged.
The orc warrior hits you with a +5 long sword.
The searing ray hits the orc warrior.
The orc warrior is severely wounded.
The searing ray misses Wiebster667's ghost.
You finish channeling your searing ray.
The orc warrior hits you with a +5 long sword.
Casting: Searing Ray (safe; 2% risk of failure)
Confirm with . or Enter, or press ? or * to list all spells.
Aiming: Searing Ray (safe; 2% risk of failure)
Press: ? - help, Shift-Dir - straight line, f/p - Wiebster667's ghost
Aim: Wiebster667's ghost (lightly damaged)
The searing ray hits the orc warrior but does no damage.
The orc warrior is severely wounded.
The searing ray hits Wiebster667's ghost.
Wiebster667's ghost is lightly damaged. (Press . to maintain the ray.)
The orc warrior hits you with a +5 long sword!!
Ouch! That really hurt!
You die...

.######[..o.........#
......######'o'######
.#####8.............8
.....####.###o##.###.
.#.#.#.. #....#
.#.#.#.# ####.#
...#.#.##### #W#
####.......# #o#
...........#####@#
.####............#
#........#####
...........[#
########....# #....#
#....# #....# #....#


You could see an orc warrior and Wiebster667's ghost.

Vanquished Creatures
  2 orc priests (D:4)
  A hound (D:4)
  An orc wizard (D:3)
  A worker ant zombie (D:4)
  Robin (D:2)
  2 adders
  An ooze (D:2)
  A worm (D:2)
  2 leopard geckos (D:2)
  10 orcs
  3 giant cockroaches
  14 goblins
  8 hobgoblins
  2 jackals (D:3)
  A quokka (D:2)
  3 bats
  4 frilled lizards
  5 kobolds (D:1)
  7 rats
69 creatures vanquished.

Vanquished Creatures (others)
  A worm (D:2)
  2 goblins (D:2)
3 creatures vanquished.

Grand Total: 72 creatures vanquished

Notes
Turn   | Place    | Note
-------+----------+-------------------------------------------
     0 | D:1      | funkygono the Octopode Conjurer began the quest for the
                  | Orb.
     0 | D:1      | Reached XP level 1. HP: 11/11 MP: 3/3
    94 | D:1      | Reached XP level 2. HP: 17/17 MP: 0/5
   664 | D:1      | Reached XP level 3. HP: 21/21 MP: 2/6
   861 | D:2      | Learned a level 2 spell: Searing Ray
   930 | D:2      | Found an iron altar of Okawaru.
   995 | D:2      | Reached skill level 5 in Conjurations
  1020 | D:2      | Found a radiant altar of Vehumet.
  1198 | D:2      | Reached XP level 4. HP: 27/27 MP: 2/7
  1250 | D:2      | Found a snail-covered altar of Cheibriados.
  1257 | D:2      | Noticed Robin
  1263 | D:2      | Killed Robin
  2028 | D:3      | Reached XP level 5. HP: 22/32 MP: 3/8
  2068 | D:3      | Found a faded altar of an unknown god.
  2812 | D:4      | Found a runed translucent gate.
  2812 | D:4      | Found a runed translucent gate.
  2812 | D:4      | Identified the cursed +1 chain mail "Xunleeg" {MR+ Int+2
                  | Dex+4}
  2812 | D:4      | Noticed an orc warrior
  2812 | D:4      | Noticed Wiebster667's ghost (amateur GnMo)
  2813 | D:4      | Found a runed translucent gate.
  2814 | D:4      | Found a roughly hewn altar of Beogh.
  2831 | D:4      | Reached skill level 1 in Fighting
  2831 | D:4      | Reached skill level 1 in Maces & Flails
  2840 | D:4      | Reached XP level 6. HP: 17/38 MP: 1/10
  2940 | D:4      | Slain by an orc warrior

Levels and vault maps discovered:
D:1:      dpeg_arrival_shrine, layout_loops_ring, chequers_jeans,
          kennysheep_minor_cross, minmay_indecisive_spiral
D:2:      layout_rooms, fiery_altar_vehumet, nicolae_overflow_crystal_walls,
          okawaru_ov_weapons_minmay, nicolae_ru_awakened_eye, first_ration,
          serial_rivers, chequers_serial_rivers_small_a,
          chequers_serial_rivers_large_a, chequers_serial_rivers_room_a,
          chequers_serial_rivers_marsh, chequers_serial_rivers_marsh,
          chequers_serial_rivers_micro_b, uniq_robin
D:3:      layout_loops_ring, chequers_ecumenical_altar_simple
D:4:      layout_basic, temple_pool_b, biasface_ghost_orc_armoury,
          hangedman_decor_push, uniq_sigmund

Skill      XL: |  1  2  3  4  5 |
---------------+----------------+-----
Stealth        | 3 |  3.2
Conjurations   | 5 |  5.8
Fighting       | 1 |  1.1
Maces & Flails | 1 |  1.5
Spellcasting   | 3 |  3.0
Dodging        | |  2.4

Action                   |  1- 3 |  4- 6 || total
-------------------------+-------+-------++-------
Melee: Unarmed           |    16 |       ||    16
       Constrict         |     9 |     9 ||    18
       Tentacles         |     3 |     5 ||     8
       Club              |     6 |       ||     6
       Mace              |     5 |    37 ||    42
 Cast: Magic Dart        |    60 |    30 ||    90
       Searing Ray       |       |     7 ||     7
  Use: Scroll            |     4 |     7 ||    11
  Eat: Chunk             |     2 |     4 ||     6
Armor: Skin              |     3 |     1 ||     4
Dodge: Dodged            |    19 |    37 ||    56

Table legend:
 A = Non-vault XP
 B = Vault XP
 C = Vault XP percentage of total XP
 D = Non-vault monster count
 E = Vault monster count
 F = Vault count percentage of total count
                 A         B        C        D         E       F
            +---------+---------+-------+---------+---------+-------
      Total |     203 |     142 |  41.2 |      46 |      23 |  33.3
            +---------+---------+-------+---------+---------+-------
        D:1 |      31 |       6 |  16.2 |      21 |       4 |  16.0
        D:2 |      44 |      32 |  42.1 |      12 |      10 |  45.5
        D:3 |      59 |       0 |   0.0 |      10 |       0 |   0.0
        D:4 |      69 |     104 |  60.1 |       3 |       9 |  75.0
            +---------+---------+-------+---------+---------+-------
